Description

Clem WM drop 3rax raven into 3cc

Replay - Clem v Trap: Game 2 - [TLMC15] Curious Minds

Build Order

Get SALT Encoding   

  12  0:00  SCV  
  13  0:12  SCV  
  14  0:17  Supply Depot  
  14  0:24  SCV  
  15  0:30  Refinery  
  15  0:38  SCV  
  16  0:45  Barracks  
  16  0:50  SCV  
  17  1:02  SCV  
  18  1:07  Engineering Bay  
  18  1:14  SCV  
  20  1:36  Orbital Command, Marine  
  20  1:39  Factory  
  20  1:53  Supply Depot  
  20  1:54  Barracks Reactor  
  20  2:01  SCV  
  21  2:13  SCV  
  22  2:21  Command Center  
  22  2:25  Widow Mine  
  22  2:27  SCV  
  25  2:33  Marine x2  
  27  2:41  Starport  
  27  2:46  Supply Depot  
  27  2:51  Widow Mine  
  29  2:52  SCV  
  29  2:57  Refinery  
  30  2:58  Marine  
  31  3:07  SCV, Marine  
  33  3:16  Marine  
  33  3:19  SCV  
  35  3:21  Medivac  
  35  3:25  Marine  
  38  3:31  SCV  
  38  3:33  Widow Mine  
  38  3:34  Marine  
  42  3:41  Barracks  
  42  3:43  SCV  
  42  3:44  Marine  
  44  3:51  Orbital Command  
  44  3:52  Marine  
  45  3:57  Factory Tech Lab, Starport Tech Lab  
  45  4:01  SCV  
  46  4:04  Supply Depot  
  46  4:05  Marine  
  47  4:15  Marine  
  47  4:17  Supply Depot  
  48  4:18  Raven  
  48  4:20  SCV  
  50  4:27  Marine x2  
  50  4:29  SCV  
  47  4:32  Marine  
  47  4:35  Cyclone  
  47  4:39  SCV x2  
  49  4:46  Marine  
  49  4:51  SCV  
  49  4:52  Marine  
  53  4:58  SCV  
  53  5:01  Barracks  
  53  5:05  Marine x2  
  54  5:08  SCV x2  
  54  5:10  Stimpack, Viking  
  54  5:12  Marine  
  60  5:16  Supply Depot  
  60  5:19  Refinery  
  60  5:20  SCV x2  
  61  5:26  Cyclone  
  65  5:28  Engineering Bay  
  65  5:32  SCV x2  
  65  5:33  Marine x3, Supply Depot  
  69  5:48  Marine x3, Supply Depot  
  68  5:54  SCV  
  68  5:55  Marine  
  65  5:59  Terran Infantry Weapons Level 1  
  65  6:02  Starport Reactor  
  65  6:06  SCV x2, Supply Depot  
  65  6:08  Refinery  
  65  6:09  Marine x2  
  65  6:11  Factory Reactor  
  69  6:15  Marine  
  70  6:18  SCV  
  70  6:21  Combat Shield  
  70  6:22  Marine  
  70  6:24  SCV  
  73  6:25  Supply Depot  
  73  6:31  SCV, Marine x2  
  75  6:37  SCV, Medivac x2  
  75  6:39  Marine x2  
  81  6:43  Supply Depot  
  81  6:44  SCV  
  83  6:48  Widow Mine x2  
  83  6:49  Marine x2  
  83  6:50  Concussive Shells  
  83  6:52  Supply Depot  
  89  6:57  Marine  
  89  7:00  Marauder  
  92  7:05  Supply Depot  
  92  7:08  SCV  
  93  7:11  Marine x2  
  93  7:12  Widow Mine x2  
  101  7:15  Medivac x2, Marauder  
  107  7:23  Marauder  
  107  7:29  Marine x2  
  106  7:37  Widow Mine, Marauder  
  106  7:40  Command Center  
  108  7:45  Widow Mine, Medivac x2  
  108  7:51  Marine x2  
  102  7:52  Marauder  
  99  7:59  Marine  
  93  8:07  Widow Mine x2  
  93  8:09  Marine x3  
  93  8:11  Barracks x2  
  97  8:15  Terran Infantry Armor Level 1  
  98  8:20  Marine  
  98  8:26  SCV x2, Marine x2  
  102  8:30  Medivac x2  
  102  8:33  Widow Mine x2  
  109  8:40  Marine x4  
  112  8:41  Supply Depot  
  112  8:48  SCV x2  
  112  8:53  Orbital Command  
  112  8:59  Widow Mine x2  
  112  9:01  Barracks Reactor, Barracks Tech Lab  
  116  9:03  Marauder x2  
  116  9:07  Marine x2  
  116  9:09  SCV  
  122  9:16  Medivac x2  
  98  9:18  SCV x3  
  98  9:21  Marauder x2  
  97  9:26  Marauder  
  97  9:28  Marine x2  
  98  9:33  SCV x3  
  96  9:38  Marine x2  
  96  9:42  Widow Mine, Marauder x2  
  102  9:46  SCV, Marine x2  
  102  9:49  Ghost Academy  
  102  9:52  Marauder  
  109  9:55  SCV  
  109  9:57  Widow Mine  
  112  10:00  Marine x3  
  112  10:03  Marauder  
  112  10:05  Widow Mine  
  112  10:06  Marine x2  
  116  10:10  Medivac x2  
  115  10:14  Marine x3  
  115  10:18  Widow Mine  
  120  10:25  Marauder  
  120  10:27  Marine x2  
  120  10:28  Ghost x2  
  124  10:30  Widow Mine  
  124  10:34  Refinery  
  129  10:36  Marine x2  
  129  10:40  Supply Depot x2  
  129  10:42  Widow Mine  
  133  10:44  Marine x2  
  133  10:45  Ghost  
  136  10:51  Supply Depot  
  136  10:54  Widow Mine  
  136  10:56  Ghost x2  
  138  11:03  Medivac  
  133  11:04  Marine x4  
  133  11:06  Widow Mine  
  139  11:15  Ghost  
  139  11:20  Barracks  
  139  11:21  Command Center  
  139  11:24  Marine x2  
  141  11:26  Medivac  
  141  11:31  Marine x2  
  139  11:33  Marauder  
  139  11:36  Medivac  
  142  11:41  Marine  
  142  11:44  Marauder  
  142  11:46  Widow Mine x2  
  141  11:49  Marine x4  
  145  11:54  Marauder  
  147  12:03  Barracks x2  
  144  12:09  Armory  
  144  12:11  Engineering Bay  
Spawning Tool Build Advisor. Get it on Overwolf

Go to:

Details

  • Created by: lucahecker
  • Published on: Dec 01, 2021
  • Modified on: Dec 01, 2021
  • Patch: 4.11.0
  • Difficulty: Hard
Show
View Real Time Build Order
Export as new Build Order

Comments (0)

There are no comments. Be the first!

Create an account to comment!